 Dungeon Crawl Stone Soup version 0.19.0 (webtiles) character file.

37 PrincessPwny the Cutter (level 3, -6/26 HPs)
             Began as an Octopode Chaos Knight on Nov 13, 2016.
             Mangled by a shadow (30 damage)
             ... summoned by the capriciousness of Xom
             ... on level 2 of the Dungeon.
             The game lasted 00:02:59 (1594 turns).

PrincessPwny the Cutter (Octopode Chaos Knight)     Turns: 1594, Time: 00:02:59

Health: -6/26      AC:  1    Str: 12    XL:     3   Next: 39%
Magic:  3/3        EV: 12    Int: 14    God:    Xom [..*...]
Gold:   35         SH:  3    Dex: 11    Spells: 0 memorised, 2 levels left

rFire  . . .     SeeInvis .     a - +0 short sword (chaos)
rCold  . . .     Gourm    .     l - +0 buckler
rNeg   . . .     Faith    .     (helmet restricted)
rPois  .         Spirit   .     (no amulet)
rElec  .         Reflect  .     (no ring)
rCorr  .         Harm     .     (no ring)
MR     .....                    (no ring)
Stlth  ++........               (no ring)
                                (no ring)
                                (no ring)
                                (no ring)
                                (no ring)

@: no status effects
A: almost no armour, stealthy swim, amphibious, 8 rings, constrict 8, camouflage
1, gelatinous body 1
a: Renounce Religion


You were on level 2 of the Dungeon.
You worshipped Xom.
You were a toy of Xom.
You were not hungry.

You visited 1 branch of the dungeon, and saw 3 of its levels.

You collected 35 gold pieces.

Inventory:

Hand Weapons
 a - a +0 short sword of chaos (weapon)
 e - a +0 club
Armour
 l - a +0 buckler (worn)
Scrolls
 d - 2 scrolls of identify {@r1}
 f - a scroll of amnesia {unknown}
 k - a scroll of immolation {unknown}
Potions
 g - 2 potions of heal wounds {unknown}
 h - a potion of magic {unknown}
 i - a potion of flight
 j - 2 potions of curing {unknown}
Comestibles
 b - 2 bread rations


   Skills:
 - Level 3.0 Fighting
 + Level 4.3 Short Blades
 - Level 2.3 Dodging


You had 2 spell levels left.
You didn't know any spells.

Dungeon Overview and Level Annotations

Branches:
Dungeon (3/15)

Altars:


Innate Abilities, Weirdness & Mutations

You cannot wear most types of armour.
You are very stealthy in the water. (Stealth+)
You are amphibious.
You can wear up to eight rings at the same time.
You can use your tentacles to constrict eight enemies at once.
Your skin changes colour to match your surroundings (Stealth+).
Your rubbery body absorbs attacks. (AC +1, EV +1)


Message History

You hear Xom's maniacal laughter.
Flickering shadows surround you. The bat hits you but does no damage.
You hit the bat. You burn the bat.
You kill the bat!
The shadow misses you.
You hit the shadow but do no damage. You squeeze the shadow.
The shadow is lightly damaged.
The shadow hits you.
You hit the shadow but do no damage.
The shadow flickers and vanishes!
Deactivating autopickup; reactivate with Ctrl-A.
The shadow strikes at you from the darkness!
Reactivating autopickup.
The shadow slips into darkness.
The shadow flickers and vanishes!
Deactivating autopickup; reactivate with Ctrl-A.
You hit the shadow but do no damage.
The shadow is lightly damaged.
The shadow strikes at you from the darkness!
Ouch! That really hurt!
You die...

#########)#.#
'...#...#.#.#####
###.##....#.#...#
##........#.#.#.#######.#
....###.#...#.#.........#
##.## #.#.##...<#########
#......#.......#...
######.####..#.#.### #.#
#..#W@...# #.# #(.###{#.#
#.# #..# #.# #..# #.#
#..# #.# ..# ###


You could see a shadow.

Vanquished Creatures
  5 dart slugs
  A leopard gecko (D:1)
  2 bats
  A goblin (D:2)
  2 hobgoblins
  6 frilled lizards
  3 kobolds
  9 rats
29 creatures vanquished.

Notes
Turn   | Place    | Note
-------+----------+-------------------------------------------
     0 | D:1      | PrincessPwny the Octopode Chaos Knight began the quest for the Orb.
     0 | D:1      | Reached XP level 1. HP: 16/16 MP: 1/1
   364 | D:1      | XOM: divination: detect creatures
   406 | D:1      | Reached XP level 2. HP: 21/21 MP: 2/2
   598 | D:1      | XOM: harmless Fire miscast
   874 | D:1      | XOM: butterfly on damage
   904 | D:1      | XOM: cloud trail
  1020 | D:2      | Reached skill level 4 in Short Blades
  1113 | D:2      | Reached XP level 3. HP: 24/26 MP: 3/3
  1249 | D:2      | XOM: cast spell 'Summon Butterflies'
  1379 | D:2      | You fall through a shaft!
  1477 | D:2      | XOM: silly message
  1589 | D:2      | XOM: medium Necr miscast
  1590 | D:2      | Noticed a shadow
  1590 | D:2      | Noticed a shadow
  1594 | D:2      | Mangled by a shadow

Skill      XL: |  1  2 |
---------------+-------+-----
Short Blades   | 4 |  4.3
Fighting       | |  3.0
Dodging        | |  2.3

Action                   || total
-------------------------++-------
Melee: Short sword       ||    57
       Constrict         ||    15
       Tentacles         ||     7
  Use: Scroll            ||     3
 Stab: Sleeping          ||     5
  Eat: Chunk             ||     2
Armor: Skin              ||     8
Dodge: Dodged            ||    39
